 Dungeon Crawl Stone Soup version 0.16.0-6-gad6103a (console) character file.

49 gw the Vexing (level 3, 0/18 HPs)
             Began as a Spriggan Arcane Marksman on Mar 16, 2015.
             Was an Initiate of Nemelex Xobeh.
             Succumbed to an adder's poison
             ... on level 3 of the Dungeon.
             The game lasted 00:02:06 (1798 turns).

gw the Vexing (Spriggan Arcane Marksman)            Turns: 1798, Time: 00:02:06

Health: 0/18       AC:  2    Str:  7      XL:     3   Next: 53%
Magic:  9/9        EV: 18    Int: 15      God:    Nemelex Xobeh [......]
Gold:   26         SH:  0    Dex: 13 (15) Spells: 1 memorised, 5 levels left

rFire  . . .     SeeInvis +     b - +0 dagger
rCold  . . .     Clarity  .     a - +0 robe
rNeg   . . .     SustAb   .     (shield restricted)
rPois  .         Gourm    .     (helmet restricted)
rElec  .         Spirit   .     (no cloak)
rCorr  .         Warding  .     (gloves unavailable)
rMut   .         Stasis   .     (boots unavailable)
MR     .....                    (no amulet)
Stlth  +.........               (no ring)
                                (no ring)

@: lethally poisoned (0 -> -13), very quick, not resistant to hostile
enchantments, very unstealthy
A: unfitting armour, see invisible, herbivore 3, speed 3, slow metabolism 2
a: Renounce Religion


You were on level 3 of the Dungeon.
You worshipped Nemelex Xobeh.
Nemelex Xobeh was noncommittal.
You were not hungry.

You visited 1 branch of the dungeon, and saw 3 of its levels.

You collected 26 gold pieces.

Inventory:

Hand weapons
 b - a +0 dagger (weapon)
 i - a +0 hunting sling
Missiles
 c - 9 sling bullets
 g - 13 stones (quivered)
Armour
 a - a +0 robe (worn)
Magical devices
 l - a wand of teleportation (0)
Scrolls
 e - 2 scrolls of identify
 m - a scroll of enchant armour {unknown}
Books
 d - a book of Debilitation

   Spells                             Type                      Level
   a - Corona                         Hexes                        1
   b - Slow                           Hexes                        2
   c - Inner Flame                    Hexes/Fire                   3
   d - Enslavement                    Hexes                        4
   e - Cause Fear                     Hexes                        4
   f - Leda's Liquefaction            Hexes/Earth                  4
Miscellaneous
 h - a plain deck of war
 j - a plain deck of destruction
Comestibles
 f - 2 bread rations


   Skills:
 + Level 1.0 Fighting
 + Level 1.3 Short Blades
 + Level 2.7 Slings
 + Level 3.6 Dodging
 * Level 2.0 Spellcasting
 + Level 3.9 Hexes
 * Level 1.7 Evocations


You had 5 spell levels left.
You knew the following spells:

 Your Spells              Type           Power        Failure   Level  Hunger
a - Corona                Hex            ##.....      6%          1    #......


Dungeon Overview and Level Annotations

Branches:
Dungeon (3/15)

Altars:
Kikubaaqudgha
Nemelex Xobeh
Okawaru
Qazlal
Vehumet


Innate Abilities, Weirdness & Mutations

You are tiny and cannot use many weapons and most armour.
You have supernaturally acute eyesight.
You are a herbivore.
You cover ground extremely quickly.
You need consume almost no food.


Message History

The adder bites you.
You are more poisoned.
The adder poisons you!
Unknown command.
Unknown command.
Unknown command.
MOVING TO (-4,0)
You feel sick. The adder bites you.
Unknown command.
Unknown command.
Unknown command.
MOVING TO (-3,0)
You hear the brisk rusting of a very distant drain.
You feel sick. The adder misses you.
Unknown command.
Unknown command.
Unknown command.
MOVING TO (-2,0)
You die...
Your body disappears without a glow.

##################
##...K.............
#~~~S~~~~~~~~~~~~~~
#~i~h~~h~~~~~~~~~~~
##.....h...........
###.##############
#.## ##. #.# ####.#
#.# #...## #.
#.###.# ##. ###
#############


You could see an adder, 3 jackals and a kobold.

Table legend:
 A = Turns spent in this place as a percentage of turns spent in the entire game.
 B = Non-inter-level travel turns spent in this place as a percentage of non-inter-level travel turns spent in the entire game.
 C = Inter-level travel turns spent in this place as a percentage of turns spent in this place.
 D = Turns resting spent in this place as a percentage of non-inter-level travel turns spent in this place.
 E = Turns spent auto-exploring this place as a percentage of non-inter-level travel turns spent in this place.
 F = Non-inter-level travel turns spent in this place divided by the number of levels of this place that you've seen.
                   A       B       C       D       E      F
               +-------+-------+-------+-------+-------+----------------------
         Total | 100.0 | 100.0 |   0.0 |   2.5 |   2.3 | 1000.3
       Dungeon | 100.0 | 100.0 |   0.0 |   2.5 |   2.3 | 1000.3
               +-------+-------+-------+-------+-------+----------------------

Table legend:
 A = Kills in this place as a percentage of kills in entire the game.
 B = Kills by you in this place as a percentage of kills by you in the entire game.
 C = Kills by friends in this place as a percentage of kills by friends in the entire game.
 D = Other kills in this place as a percentage of other kills in the entire game.
 E = Experience gained in this place as a percentage of experience gained in the entire game.
 F = Experience gained in this place divided by the number of levels of this place that you have seen.
                   A       B       C       D       E      F
               +-------+-------+-------+-------+-------+----------------------
         Total | 100.0 | 100.0 |  -nan |  -nan | 100.0 |  23.7
       Dungeon | 100.0 | 100.0 |  -nan |  -nan | 100.0 |  23.7
               +-------+-------+-------+-------+-------+----------------------

Vanquished Creatures
  2 adders (D:2)
  2 giant geckos
  An orc (D:3)
  4 bats (D:2)
  3 hobgoblins
  A giant newt (D:2)
  2 goblins
  8 kobolds
  6 rats
29 creatures vanquished.

Notes
Turn   | Place    | Note
--------------------------------------------------------------
     0 | D:1      | gw, the Spriggan Arcane Marksman, began the quest for the Orb.
     0 | D:1      | Reached XP level 1. HP: 9/9 MP: 3/3
   187 | D:1      | Found a sparkling altar of Nemelex Xobeh.
   192 | D:1      | Became a worshipper of Nemelex Xobeh the Trickster
   299 | D:1      | You fall through a shaft!
   321 | D:2      | Received a gift from Nemelex Xobeh
   331 | D:2      | Reached skill level 1 in Fighting
   331 | D:2      | Reached XP level 2. HP: 12/14 MP: 3/5
   432 | D:2      | Reached skill level 1 in Evocations
   445 | D:2      | Reached skill level 1 in Short Blades
   519 | D:2      | Reached XP level 3. HP: 18/18 MP: 6/8
   686 | D:2      | Found a sparkling altar of Nemelex Xobeh.
  1029 | D:2      | Found a stormy altar of Qazlal.
  1030 | D:2      | Found an ancient bone altar of Kikubaaqudgha.
  1202 | D:2      | Found a radiant altar of Vehumet.
  1203 | D:2      | Found an iron altar of Okawaru.
  1798 | D:3      | Succumbed to an adder's poison

Action                   || total
-------------------------++-------
Melee: Dagger            ||    29
 Fire: Hunting sling     ||    55
 Cast: Corona            ||    50
Evoke: Wand              ||     2
  Use: Potion            ||     4
       Scroll            ||     3

Vault maps used:
D:1:      minmay_arrival_diagonal_passages, hangedman_abyss_or_decor_stabs,
          serial_bayou_lagoon_a, minmay_misc_feat_pillars, grunt_decor_fettered,
          nemelex_deck
D:2:      nicolae_overflow_crystal_walls, nicolae_overflow_hidden_temple,
          serial_corexii_hall, corexii_hall_statues_t,
          corexii_hall_statues_deadend
D:3:      wad_river_or_something, gup_sewer_entry_bowl,
          kennysheep_generic_room_3
